 Dungeon Crawl Stone Soup version 0.24-a0-342-gad4687c (webtiles) character file.

Game seed: 7539691573343078379

59 AlmondAAA the Magician (level 3, 14/14 HPs)
             Began as a Felid Wizard on May 22, 2019.
             Quit the game on level 3 of the Dungeon.
             The game lasted 00:07:10 (3474 turns).

AlmondAAA the Magician (Felid Wizard)               Turns: 3474, Time: 00:07:11

Health: 14/14      AC:  1    Str:  4    XL:     3   Next: 78%
Magic:  9/9        EV: 17    Int: 19    God:
Gold:   149        SH:  0    Dex: 14    Spells: 1/9 levels left
                                        Lives:  0   Deaths: 1

rFire    . . .     SeeInvis +   (weapon unavailable)
rCold    . . .     Gourm    .   (shield unavailable)
rNeg     . . .     Faith    .   (armour unavailable)
rPois    .         Spirit   .   (helmet unavailable)
rElec    .         Reflect  .   (cloak unavailable)
rCorr    .         Harm     .   (gloves unavailable)
MR       .....                  (boots unavailable)
Stlth    +++.......             (no amulet)
HPRegen  0.04/turn              (no ring)
MPRegen  0.11/turn              (no ring)

@: quick
A: very small, no armour, no weapons or thrown items, stealth, claws 1, fangs 3,
see invisible, carnivore, speed 1, shaggy fur 1, slow metabolism 1, sharp paws
a: no special abilities


You were on level 3 of the Dungeon.
You were not hungry.

You visited 1 branch of the dungeon, and saw 3 of its levels.

You collected 149 gold pieces.

Inventory:

Jewellery
 m - an uncursed ring of ice
Scrolls
 a - 3 scrolls of identify {unknown}
 c - a scroll of noise {unknown}
 d - a scroll of fog {unknown}
 f - a scroll of remove curse {unknown}
 i - 3 scrolls of teleportation {unknown}
 j - a scroll of enchant weapon {unknown}
 l - a scroll of amnesia {unknown}
Potions
 e - a potion of haste {unknown}
 g - a potion of mutation {unknown}
 h - a potion of might {unknown}
 k - a potion of flight {unknown}
Comestibles
 b - 4 rations


   Skills:
 - Level 2.6 Dodging
 + Level 3.4 Stealth
 + Level 0.7 Unarmed Combat
 + Level 3.7 Spellcasting
 + Level 2.3 Conjurations
 + Level 1.6 Summonings
 + Level 2.4 Translocations
 + Level 0.7 Fire Magic


You had one spell level left.
You knew the following spells:

 Your Spells              Type           Power        Failure   Level  Hunger
a - Magic Dart            Conj           ##..         5%          1    None
b - Blink                 Tloc           N/A          8%          2    ##.....
c - Call Imp              Summ           #.......     11%         2    ##.....
d - Conjure Flame         Conj/Fire      #.......     22%         3    ###....

Your spell library contained the following spells:

 Spells                   Type           Power        Failure   Level  Hunger
 Slow                     Hex            #.......     22%         2    ##.....
 Mephitic Cloud           Conj/Pois/Air  #.......     30%         3    ###....


Dungeon Overview and Level Annotations

Branches:
Dungeon (3/15)

Altars:
Xom

Annotations:
D:3 Grinder


Innate Abilities, Weirdness & Mutations

You cannot wear armour.
You are incapable of wielding weapons or throwing items.
Your paws allow you to move quietly. (Stealth)
You have sharp claws.
You have razor-sharp teeth.
You have supernaturally acute eyesight. (SInv)
You are carnivorous and can eat meat at any time.
You cover ground quickly.
You are covered in fur. (AC +1)
You have a slow metabolism.
Your sharp claws are effective at attacking unaware monsters.


Message History

Confirm with . or Enter, or press ? or * to list all spells.
Aiming: Magic Dart (safe; 5% risk of failure)
Press: ? - help, Shift-Dir - straight line, f/p - Grinder
Aim: Grinder (moderately wounded)
The magic dart hits Grinder.
Grinder is moderately wounded.
Grinder gestures at you.
You suddenly lose the ability to move!
Grinder hits you.
* * * LOW HITPOINT WARNING * * *
You writhe in agony.
You die...
Something bites the plant but does no damage.
You are now level 3!
You rejoin the land of the living...
A frilled lizard comes into view.
Unknown command.
Are you sure you want to abandon this character and quit the game? (Confirm with "yes".)
Okay, then.
Are you sure you want to abandon this character and quit the game? (Confirm with "yes".)

#.#
########.######
#...............
#.##.##.....###^
#.##....##...
#.##...##.._.
#.##...#.≈♣..
#.##....^.^._
#@##.†.#^..^
#.#...<##.^.
≈.#..### #^.
≈#.#..# ##
.≈#.#..# ..
#.#..# ###
#l.... ###..


You could see a frilled lizard (sleeping).

Vanquished Creatures
  A jelly (D:3)
  3 adders
  2 dart slugs
  A leopard gecko (D:1)
  An orc (D:3)
  10 bats
  3 giant cockroaches
  7 goblins
  8 hobgoblins
  3 jackals (D:2)
  6 kobolds (D:1)
  3 quokkas (D:2)
  2 frilled lizards
  10 rats
60 creatures vanquished.

Notes
Turn   | Place    | Note
-------+----------+-------------------------------------------
     0 | D:1      | AlmondAAA the Felid Wizard began the quest for the Orb.
     0 | D:1      | Reached XP level 1. HP: 7/7 MP: 5/5
    51 | D:1      | Reached skill level 1 in Conjurations
   687 | D:1      | Reached XP level 2. HP: 9/11 MP: 7/7
   896 | D:1      | Learned a level 2 spell: Blink
   899 | D:1      | Learned a level 2 spell: Call Imp
  1443 | D:1      | Reached XP level 3. HP: 14/14 MP: 9/9
  2040 | D:2      | Learned a level 3 spell: Conjure Flame
  2542 | D:2      | Reached XP level 4. HP: 18/18 MP: 3/10
  3280 | D:3      | Found a shimmering altar of Xom.
  3280 | D:3      | Found a shimmering altar of Xom.
  3453 | D:3      | Noticed Grinder
  3455 | D:3      | Paralysed by Grinder for 5 turns
  3472 | D:3      | Paralysed by Grinder for 6 turns
  3473 | D:3      | Slain by Grinder
  3474 | D:3      | Reached XP level 3. HP: -1/14 MP: 2/9
  3474 | D:3      | Quit the game

Levels and vault maps discovered:
D:1:      dpeg_cavernosity, layout_basic, minmay_hexomino_c4
D:2:      minmay_skewed_foursquare, layout_basic, serial_aquarium,
          aquarium_bridge_straight [aquarium_subvault_bridge,
          aquarium_subvault_wall, aquarium_subvault_bridge,
          aquarium_subvault_wall], aquarium_bridge_island_small
          [aquarium_subvault_small_open, aquarium_subvault_window,
          aquarium_subvault_bridge, aquarium_subvault_bridge,
          aquarium_subvault_wall], aquarium_window_1, aquarium_window_1,
          aquarium_view_2c
D:3:      layout_loops_ring, cheibriados_altar_1, xom_redecorated,
          old_standard_altar, lemuel_round_altar, serial_bayou,
          serial_bayou_lagoon_a, serial_bayou_pond_c, serial_bayou_pond_a,
          serial_bayou_pond_d, uniq_grinder

Skill      XL: |  1  2  3 |
---------------+----------+-----
Conjurations   | 1 2 |  2.3
Stealth        | 3 |  3.4
Translocations | 2 |  2.4
Dodging        | |  2.6
Unarmed Combat | |  0.7
Spellcasting   | |  3.7
Summonings     | |  1.6
Fire Magic     | |  0.7

Action                   |  1- 3 |  4- 6 || total
-------------------------+-------+-------++-------
Melee: Unarmed           |    57 |     1 ||    58
       Bite              |     4 |       ||     4
 Cast: Magic Dart        |    89 |    46 ||   135
 Stab: Sleeping          |     8 |     1 ||     9
  Eat: Chunk             |    10 |     1 ||    11
Armor: Skin              |    11 |       ||    11
Dodge: Dodged            |    97 |    13 ||   110

Table legend:
 A = Non-vault XP
 B = Vault XP
 C = Vault XP percentage of total XP
 D = Non-vault monster count
 E = Vault monster count
 F = Vault count percentage of total count
                 A         B        C        D         E       F
            +---------+---------+-------+---------+---------+-------
      Total |     133 |      42 |  24.0 |      43 |      17 |  28.3
            +---------+---------+-------+---------+---------+-------
        D:1 |      38 |      15 |  28.3 |      24 |       9 |  27.3
        D:2 |      36 |      27 |  42.9 |      16 |       8 |  33.3
        D:3 |      59 |       0 |   0.0 |       3 |       0 |   0.0
            +---------+---------+-------+---------+---------+-------
